 Dungeon Crawl Stone Soup version 0.17.1-2-g5865329 (webtiles) character file.

506 Jerry the Sneak (level 7, 0/46 HPs)
             Began as an Octopode Artificer on Jan 27, 2016.
             Slain by a kobold
             ... wielding a +0 short sword
              (5 damage)
             ... in a sewer.
             The game lasted 00:22:43 (2945 turns).

Jerry the Sneak (Octopode Artificer)                Turns: 2945, Time: 00:22:43

Health: 0/46       AC:  1    Str: 10    XL:     7   Next: 18%
Magic:  10/10      EV: 14    Int: 15    God:
Gold:   71         SH:  0    Dex: 14    Spells: 0 memorised, 6 levels left

rFire  . . .     SeeInvis +     r - +0 whip (venom)
rCold  . . .     Clarity  .     (no shield)
rNeg   . . .     SustAt   .     (helmet restricted)
rPois  .         Gourm    .     (no amulet)
rElec  .         Spirit   .     g - ring of flight
rCorr  .         Warding  .     p - ring of see invisible
rMut   .         Stasis   .     (no ring)
MR     .....                    (no ring)
Stlth  ++++......               (no ring)
                                (no ring)
                                (no ring)
                                (no ring)

@: not resistant to hostile enchantments, stealthy
A: almost no armour, amphibious, 8 rings, constrict 8, camouflage 1, gelatinous
body 1
a: Evoke Flight


You were in a sewer.
You were not hungry.

You visited 1 branch of the dungeon, and saw 3 of its levels.
You also visited: Sewer.

You collected 71 gold pieces.

Inventory:

Hand Weapons
 a - a +0 short sword
 f - a +0 dagger
 o - a +0 whip
 q - a +2 hand axe of freezing
 r - a +0 whip of venom (weapon)
Missiles
 j - 160 arrows
 l - 10 tomahawks (quivered)
Jewellery
 g - a ring of flight (left tentacle)
 p - a ring of see invisible (right tentacle)
Wands
 b - a wand of flame (14)
 c - a wand of enslavement (15)
 d - a wand of random effects (13)
Scrolls
 k - 2 scrolls of remove curse
 m - a scroll of fog {unknown}
 s - a scroll of immolation
Potions
 h - 3 potions of brilliance {unknown}
 n - a potion of magic
 t - a potion of heal wounds {unknown}
 u - 3 potions of flight {unknown}
Comestibles
 e - a bread ration
 i - 3 meat rations
 v - a beef jerky


   Skills:
 + Level 3.6 Fighting
 - Level 1.0 Short Blades
 + Level 4.0 Dodging
 + Level 5.3 Stealth
 + Level 5.2 Evocations


You had 6 spell levels left.
You didn't know any spells.

Dungeon Overview and Level Annotations

Branches:
Dungeon (3/15)

Altars:
Gozag


Innate Abilities, Weirdness & Mutations

You cannot wear most types of armour.
You are amphibious.
You can wear up to eight rings at the same time.
You can use your tentacles to constrict eight enemies at once.
Your skin changes colour to match your surroundings (Stealth).
Your rubbery body absorbs attacks (AC +1).


Message History

You hit the big kobold but do no damage.
The big kobold looks even sicker.
The big kobold is almost dead.
You constrict the big kobold. The big kobold hits you!
* * * LOW HITPOINT WARNING * * *
You hit the big kobold.
You kill the big kobold!
Your Dodging skill increases to level 4!
h - 3 yellow potions (gained 1)
Items here: (( ))) †
There is an open door here.
You see here a stone.
The kobold hits you with a short sword.
* * * LOW HITPOINT WARNING * * *
You see here 2 stones.
You hit the kobold. Your grab misses the kobold.
You squeeze the kobold, but do no damage.
The kobold is severely wounded.
The kobold hits you with a short sword.
You die...

≈≈ ≈.≈.#≈≈≈≈≈≈#≈≈≈# ≈≈≈≈
#.≈.#≈≈≈≈≈≈#≈≈≈#
≈≈≈≈≈#.≈.≈≈≈≈≈≈≈#≈≈≈#
≈≈≈≈≈#.≈.#≈≈≈≈≈≈#≈≈≈#
≈≈≈≈≈≈.≈.#≈≈≈≈≈≈#≈≈≈#
≈≈≈≈#≈.≈#≈≈≈≈≈≈#≈≈≈#
≈≈≈...≈)(.≈≈≈≈≈#≈≈≈#
≈..#≈≈(#()≈.≈(#.≈≈# #
#≈≈(#()K@..#.(≈#
#'#######≈#######(##(##
.#......#≈≈≈#.....(#)≈≈#
..≈.≈≈≈≈...(.≈≈≈.≈.)...#
#≈≈≈≈≈≈#...#≈≈≈≈≈≈#.≈≈#
#########'#############
#...# #5.§..# '.......'


You could see a kobold.

Vanquished Creatures
  Sigmund (D:2)
  2 big kobolds (Sewer)
  Jessica (D:2)
  2 big kobold zombies (Sewer)
  5 adders
  A shadow imp (Sewer)
  An ufetubus (Sewer)
  An ooze (Sewer)
  2 worms (D:3)
  5 giant geckos
  A ball python (D:3)
  6 giant cockroaches
  6 goblins
  6 hobgoblins
  5 jackals
  A quokka (D:3)
  11 bats
  9 giant newts
  21 kobolds
  A kobold zombie (Sewer)
  2 rats
90 creatures vanquished.

Vanquished Creatures (others)
  2 big kobold zombies (Sewer)
2 creatures vanquished.

Grand Total: 92 creatures vanquished

Notes
Turn   | Place    | Note
--------------------------------------------------------------
     0 | D:1      | Jerry the Octopode Artificer began the quest for the Orb.
     0 | D:1      | Reached XP level 1. HP: 13/13 MP: 3/3
    52 | D:1      | Reached XP level 2. HP: 8/18 MP: 4/4
   849 | D:1      | Reached XP level 3. HP: 12/23 MP: 5/5
  1246 | D:2      | Noticed Sigmund
  1507 | D:2      | Reached skill level 4 in Evocations
  1535 | D:2      | Found an opulent altar of Gozag.
  1563 | D:2      | Noticed Jessica
  1572 | D:2      | Killed Jessica
  1572 | D:2      | Reached XP level 4. HP: 22/29 MP: 7/7
  1674 | D:2      | Killed Sigmund
  1674 | D:2      | Reached XP level 5. HP: 8/35 MP: 8/8
  1674 | D:2      | Reached XP level 6. HP: 9/41 MP: 9/9
  1926 | D:2      | You fall through a shaft!
  2244 | D:3      | Found a glowing drain.
  2359 | Sewer    | Entered a sewer
  2673 | Sewer    | Reached skill level 5 in Stealth
  2673 | Sewer    | Reached skill level 5 in Evocations
  2822 | Sewer    | Found a burning altar of Makhleb.
  2863 | Sewer    | Reached XP level 7. HP: 18/46 MP: 10/10
  2945 | Sewer    | Slain by a kobold

Action                   |  1- 3 |  4- 6 |  7- 9 || total
-------------------------+-------+-------+-------++-------
Melee: Short sword       |    75 |       |       ||    75
       Hand axe          |     6 |    95 |       ||   101
       Whip              |       |     5 |    13 ||    18
Throw: Tomahawk          |     4 |     6 |       ||    10
Evoke: Wand              |       |     3 |       ||     3
  Use: Scroll            |       |     7 |       ||     7
 Stab: Sleeping          |     2 |    14 |       ||    16
  Eat: Chunk             |     1 |     1 |       ||     2
       Bread ration      |       |     1 |       ||     1
